 Dungeon Crawl Stone Soup version 0.27-a0-887-gcab673c142 (webtiles) character file.

Game seed: 9833767961821271167

1 spiderkeys the Grave Robber (level 1, 0/13 HPs)
             Began as a Human Necromancer on Apr 4, 2021.
             Slain by a hobgoblin (3 damage)
             ... on level 1 of the Dungeon.
             The game lasted 00:00:32 (243 turns).

spiderkeys the Grave Robber (Human Necromancer)      Turns: 243, Time: 00:00:33

Health: 0/13       AC:  2    Str:  8    XL:     1   Next: 22%
Magic:  0/3        EV: 12    Int: 15    God:
Gold:   11         SH:  0    Dex: 13    Spells: 3/4 levels left

rFire    . . .     SeeInvis .   b - +0 spear
rCold    . . .     Faith    .   (no shield)
rNeg     . . .     Spirit   .   a - +0 robe
rPois    .         Reflect  .   (no helmet)
rElec    .         Harm     .   (no cloak)
rCorr    .         Rampage  .   (no gloves)
Will     .....                  (no boots)
Stlth    ++........             (no amulet)
HPRegen  0.04/turn              (no ring)
MPRegen  0.08/turn              (no ring)

@: very slightly contaminated
A: no striking features
a: no special abilities


You were on level 1 of the Dungeon.
You visited 1 branch of the dungeon, and saw 1 of its levels.

You collected 11 gold pieces.

Inventory:

Hand Weapons
 b - a +0 spear (weapon)
Armour
 a - a +0 robe (worn)
Scrolls
 c - a scroll of fog {unknown}


   Skills:
 + Level 0.0 Fighting
 + Level 0.0 Armour
 + Level 2.0 Dodging
 - Level 2.0 Stealth
 + Level 2.0 Spellcasting
 + Level 4.0 Necromancy


You had 3 spell levels left.
You knew the following spells:

 Your Spells              Type           Power      Damage    Failure   Level
a - Pain                  Necr           52%        1d6       4%          1

Your spell library contained the following spells:

 Spells                   Type           Power      Damage    Failure   Level
 Animate Skeleton         Necr           26%        N/A       4%          1
 Vampiric Draining        Necr           6%         2d6       13%         3
 Animate Dead             Necr           6%         N/A       38%         4
 Agony                    Necr           13%        N/A       75%         5


Dungeon Overview and Level Annotations

Branches:
Dungeon (1/15)

Altars:


Message History

No target in view!
A hobgoblin is nearby!
You reach to attack!
The helpless hobgoblin fails to defend itself.
You hit the hobgoblin.
The hobgoblin is lightly wounded.
You closely miss the hobgoblin.
The hobgoblin is lightly wounded.
The hobgoblin closely misses you.
You barely miss the hobgoblin.
The hobgoblin is lightly wounded.
The hobgoblin hits you.
You hit the hobgoblin.
The hobgoblin is moderately wounded.
The hobgoblin closely misses you. The hobgoblin misses you.
You barely miss the hobgoblin.
The hobgoblin is moderately wounded.
The hobgoblin hits you.
You are too injured to fight recklessly!
Casting: Pain (safe; 4% risk of failure)
Confirm with . or Enter, or press ? or * to list all spells.
Aiming: Pain (safe; 4% risk of failure)
Press: ? - help, Shift-Dir - straight line, f/p - hobgoblin
Aim: a hobgoblin (moderately wounded, chance to affect: 83%)
The hobgoblin writhes in agony.
The hobgoblin completely misses you.
Casting: Pain (safe; 4% risk of failure)
Confirm with . or Enter, or press ? or * to list all spells.
Aiming: Pain (safe; 4% risk of failure)
Press: ? - help, Shift-Dir - straight line, f/p - hobgoblin
Aim: a hobgoblin (almost dead, chance to affect: 83%)
You miscast Pain.
You are very lightly contaminated with residual magic.
Nothing appears to happen.
The hobgoblin barely misses you.
Casting: Pain (safe; 4% risk of failure)
Confirm with . or Enter, or press ? or * to list all spells.
Aiming: Pain (safe; 4% risk of failure)
Press: ? - help, Shift-Dir - straight line, f/p - hobgoblin
Aim: a hobgoblin (almost dead, chance to affect: 83%)
The hobgoblin barely resists.
The hobgoblin hits you.
You die...

#.### #.# #.#.. #.#
#.#.#.#.# #.#.#.#.###
#.#.#.....# #.#.#
#.#.#
..#####.#.###.#.###
.............g...>#
#######.#####@.######
#.#...........#
#.##.#.##.###.#
######.#....##.# #.#
#......#.##....###.#
#.^....# #.##...#.###
#......# ...
#.#.#...#
######.#####
#.#...#.# #.#
#.#.#.#.#


You could see a hobgoblin.

Vanquished Creatures
  A frilled lizard (D:1)
  A rat (D:1)
2 creatures vanquished.

Notes
Turn   | Place    | Note
-------+----------+-------------------------------------------
     0 | D:1      | spiderkeys the Human Necromancer began the quest for the
                  | Orb.
     0 | D:1      | Reached XP level 1. HP: 13/13 MP: 3/3
   243 | D:1      | Slain by a hobgoblin

Illustrated notes

Levels and vault maps discovered:
D:1:      matt_arrival_refuge, layout_basic

Action                   || total
-------------------------++-------
Melee: Spear             ||     6
 Cast: Pain              ||     3
 Stab: Sleeping          ||     1
Dodge: Dodged            ||     5

Table legend: (Time is in decaauts)
 A = Elapsed time spent in this place.
 B = Non-inter-level travel time spent in this place.
 C = Inter-level travel time spent in this place.
 D = Time resting spent in this place.
 E = Time spent auto-exploring this place.
 F = Levels seen in this place.
 G = Mean time per level.
                   A        B        C        D        E       F      G
               +--------+--------+--------+--------+--------+-----+--------+
         Total |    243 |    243 |      0 |      0 |    174 |   1 |  243.0 |
       Dungeon |    243 |    243 |      0 |      0 |    174 |   1 |  243.0 |
               +--------+--------+--------+--------+--------+-----+--------+

Top non-repeatable levels by time:
     D:1: 243 daAuts
